 Dungeon Sprint DCSS version 0.26-a0-1101-g8f9f7f7418 (webtiles) character file.

Game seed: 8153865031014955740

7300000 Adamkad1 the Axe Maniac (level 27, -15/292 HPs)
             Began as a Palentonga Gladiator on Dec 15, 2020.
             Was the Champion of Makhleb.
             Demolished by a meat berserker
             ... wielding a +9 battleaxe
              (17 damage)
             ... in the Dungeon (Sprint VIII: "Arena of Blood").
             The game lasted 00:05:27 (73 turns).

Adamkad1 the Axe Maniac (Palentonga Gladiator)        Turns: 73, Time: 00:05:27

Health: -15/292    AC: 17    Str: 29    XL:     27
Magic:  34/54      EV: 23    Int: 11    God:    Makhleb [******]
Gold:   0          SH:  0    Dex: 11    Spells: 80/80 levels left

rFire    . . .     SeeInvis +   k - +∞ Axe of Woe
rCold    . . .     Faith    .   (shield currently unavailable)
rNeg     . . .     Spirit   .   b - +0 leather armour
rPois    .         Reflect  .   c - +0 helmet
rElec    .         Harm     .   (no cloak)
rCorr    .         Rampage  .   (no gloves)
Will     ++...     NoTele   +   (no barding)
Stlth    +++++++++.             (no amulet)
HPRegen  0.58/turn              (no ring)
MPRegen  0.34/turn              (no ring)

@: slowed, curled up, very slow
A: large, rugged brown scales 3, see invisible, deformed body, roll 1, armoured
tail, reflexive curl
a: Rolling Charge, Minor Destruction, Lesser Servant of Makhleb, Major
Destruction, Greater Servant of Makhleb, Renounce Religion


You were in the Dungeon.
You worshipped Makhleb.
Makhleb was exalted by your worship.
You visited 1 branch

Inventory:

Hand Weapons
 a - a +0 war axe
 k - the +∞ Axe of Woe (weapon)
   (You found it in the Dungeon)
Missiles
 d - 3 throwing nets (quivered)
Armour
 b - a +0 leather armour (worn)
 c - a +0 helmet (worn)
Scrolls
 j - a scroll of blinking
Potions
 e - a potion of curing
 f - a potion of heal wounds
 g - a potion of haste
 h - 2 potions of magic
 i - a potion of berserk rage


   Skills:
 O Level 27 Fighting
 O Level 27 Short Blades
 O Level 27 Long Blades
 O Level 27 Axes
 O Level 27 Maces & Flails
 O Level 27 Polearms
 O Level 27 Staves
 O Level 27 Slings
 O Level 27 Bows
 O Level 27 Crossbows
 O Level 27 Throwing
 O Level 27 Armour
 O Level 27 Dodging
 O Level 27 Stealth
 O Level 27 Shields
 O Level 27 Unarmed Combat
 O Level 27 Spellcasting
 O Level 27 Conjurations
 O Level 27 Hexes
 O Level 27 Summonings
 O Level 27 Necromancy
 O Level 27 Translocations
 O Level 27 Transmutations
 O Level 27 Fire Magic
 O Level 27 Ice Magic
 O Level 27 Air Magic
 O Level 27 Earth Magic
 O Level 27 Poison Magic
 O Level 27 Invocations
 O Level 27 Evocations


You had 80 spell levels left.
You didn't know any spells.
Your spell library was empty.

Dungeon Overview and Level Annotations

Branches:
Dungeon (1/1)

Altars:
Makhleb

Annotations:
D The Servant


Innate Abilities, Weirdness & Mutations

You are completely covered in rugged brown scales. (AC +3, +7% HP)
You have supernaturally acute eyesight. (SInv)
Armour fits poorly on your strangely shaped body.
You can roll at nearby foes to attack.
You have a long armoured tail.
You curl defensively after being hit.


Message History

A meat beast comes into view.
You are engulfed in blazing flames.
You hear a shout! x5
A meat berserker comes into view. It is wielding a +9 battleaxe.
You hear a shout! x2
The tyrant casts a spell.
The tyrant seems to speed up.
You hear a shout! x2
The large abomination is engulfed in blazing flames.
The Servant hits you from afar with a +9 glaive of flaming!!!!
* * * LOW HITPOINT WARNING * * *
The Servant burns you!!!
* * * LOW HITPOINT WARNING * * *
You hear a shout!
An eight-headed meat hydra comes into view.
You hear a shout! x2
The large abomination is engulfed in blazing flames.
The meat berserker is engulfed in blazing flames.
The meat berserker hits you with a +9 battleaxe!
You die...

. #....§...#.))○☼§.._...... .
..#.....D.......§X)###...O....
.....○○.XL.X.X###)W...§§###...
.....§)))X§XX...#..)).x.# ....
.....§X°XX..§...#.....X☼#.....
...O..)#§§.XX§LXoO.).))○......
§..o..#o#o#.XxXO.....))§....#.
......O#.#)z.§X§....2))§...#O.
###...#.#§#§)o@O@W....○§.##...
##.. #)..))#.....O..#.. .. #.
..☼.○............#... # .
#.......##.#....... .... ..
##................. ....
...####....#.....## #.. #...
..... . #### ......


You could see 4 tentacled monstrosities, a meat beast (wandering, fast), 2
tyrants, The Servant, an eight-headed meat hydra, a sculptor of flesh, 10 large
abominations, 2 dreads, 4 meat berserkers, 3 bags of meat and a crawling corpse.

Vanquished Creatures
  A hell beast (D)
  A royal mummy (D)
  14 vampire knights (D)
  27 ogres (D)
  14 two-headed ogres (D)
  5 liches (D)
  2 hydras (D)
  64 orcs (D)
  6 skeletal warriors (D)
  2 large abominations (D)
  6 small abominations (D)
  4 crawling corpses (D)
146 creatures vanquished.

Vanquished Creatures (others)
  15 crawling corpses (D)
15 creatures vanquished.

Grand Total: 161 creatures vanquished

Notes
Turn   | Place    | Note
-------+----------+-------------------------------------------
     0 | D        | Found the +∞ Axe of Woe
     0 | D        | Adamkad1 the Palentonga Gladiator began the quest for the
                  | Orb.
     0 | D        | Reached XP level 1. HP: 18/18 MP: 1/1
     0 | D        | Noticed a bag of meat
     1 | D        | Noticed a bag of meat
     3 | D        | Became a worshipper of Makhleb the Destroyer
     3 | D        | Noticed a meat berserker
     4 | D        | Noticed a bag of meat
     5 | D        | Noticed a bag of meat
     6 | D        | Killed a meat berserker
     6 | D        | Killed a bag of meat
     6 | D        | Reached * piety under Makhleb
     6 | D        | Noticed a meat berserker
     6 | D        | Noticed a meat berserker
     6 | D        | Noticed a bag of meat
     6 | D        | Noticed a bag of meat
     6 | D        | Noticed a meat berserker
     7 | D        | Reached skill level 15 in Dodging
     7 | D        | Reached XP level 2. HP: 55/55 MP: 2/2
     7 | D        | Reached XP level 3. HP: 63/63 MP: 3/3
     7 | D        | Reached XP level 4. HP: 72/72 MP: 4/4
     7 | D        | Reached XP level 5. HP: 79/79 MP: 5/5
     7 | D        | Reached XP level 6. HP: 87/87 MP: 6/6
     7 | D        | Gained mutation: You curl defensively after being hit.
                  | [Palentonga growth]
     7 | D        | Reached XP level 7. HP: 96/96 MP: 7/7
     7 | D        | Reached XP level 8. HP: 103/103 MP: 8/8
     7 | D        | Reached XP level 9. HP: 111/111 MP: 9/9
     7 | D        | Reached XP level 10. HP: 120/120 MP: 10/10
     7 | D        | Reached XP level 11. HP: 127/127 MP: 11/11
     7 | D        | Reached XP level 12. HP: 135/135 MP: 12/12
     7 | D        | Reached XP level 13. HP: 143/143 MP: 13/13
     7 | D        | Killed a bag of meat
     8 | D        | Reached skill level 15 in Throwing
     8 | D        | Reached XP level 14. HP: 156/156 MP: 14/14
     8 | D        | Killed a meat berserker
     8 | D        | Killed a bag of meat
     8 | D        | Reached ** piety under Makhleb
     8 | D        | Noticed a bag of meat
     9 | D        | Reached XP level 15. HP: 167/167 MP: 15/15
     9 | D        | Killed a meat berserker
    10 | D        | Reached XP level 16. HP: 181/181 MP: 16/16
    10 | D        | Killed a meat berserker
    10 | D        | Reached *** piety under Makhleb
    11 | D        | Reached skill level 27 in Axes
    11 | D        | Reached XP level 17. HP: 194/194 MP: 17/17
    11 | D        | Noticed a meat berserker
    11 | D        | Noticed a meat berserker
    12 | D        | Reached **** piety under Makhleb
    13 | D        | Noticed a large bag of meat
    13 | D        | Noticed a meat berserker
    13 | D        | Noticed a large bag of meat
    14 | D        | Reached skill level 27 in Fighting
    14 | D        | Reached skill level 27 in Dodging
    14 | D        | Reached XP level 18. HP: 214/214 MP: 18/18
    14 | D        | Reached ***** piety under Makhleb
    14 | D        | Noticed a meat berserker
    15 | D        | Reached skill level 27 in Throwing
    15 | D        | Reached XP level 19. HP: 221/221 MP: 18/32
    16 | D        | Killed a meat berserker
    18 | D        | Reached XP level 20. HP: 231/231 MP: 18/42
    18 | D        | Killed a meat berserker
    18 | D        | Reached ****** piety under Makhleb
    20 | D        | Reached XP level 21. HP: 239/239 MP: 18/48
    21 | D        | Reached skill level 27 in Armour
    21 | D        | Reached skill level 27 in Spellcasting
    21 | D        | Reached skill level 27 in Invocations
    21 | D        | Reached skill level 5 in Maces & Flails
    21 | D        | Reached skill level 5 in Unarmed Combat
    21 | D        | Killed a large bag of meat
    22 | D        | Reached skill level 10 in Maces & Flails
    22 | D        | Reached skill level 10 in Unarmed Combat
    22 | D        | Reached XP level 22. HP: 228/249 MP: 19/53
    22 | D        | Noticed a large bag of meat
    23 | D        | Killed a large bag of meat
    24 | D        | Reached skill level 15 in Maces & Flails
    24 | D        | Reached skill level 15 in Unarmed Combat
    24 | D        | Noticed a destroyer
    25 | D        | Noticed a large bag of meat
    26 | D        | Killed a large bag of meat
    26 | D        | Noticed a large bag of meat
    27 | D        | Reached XP level 23. HP: 200/256 MP: 20/54
    27 | D        | Noticed a destroyer
    27 | D        | Killed a destroyer
    27 | D        | Noticed a large bag of meat
    28 | D        | Killed a destroyer
    30 | D        | Noticed a large bag of meat
    31 | D        | Noticed a destroyer
    32 | D        | Noticed a large bag of meat
    33 | D        | Reached XP level 24. HP: 266/266 MP: 22/54
    33 | D        | Noticed a destroyer
    33 | D        | Killed a large bag of meat
    34 | D        | Noticed a destroyer
    35 | D        | Reached skill level 27 in Maces & Flails
    35 | D        | Reached skill level 27 in Unarmed Combat
    35 | D        | Noticed a large bag of meat
    36 | D        | Reached skill level 27 in Polearms
    36 | D        | Reached XP level 25. HP: 274/274 MP: 23/54
    37 | D        | Reached skill level 27 in Slings
    37 | D        | Reached skill level 27 in Stealth
    37 | D        | Noticed a destroyer
    37 | D        | Noticed a large bag of meat
    38 | D        | Reached skill level 27 in Staves
    38 | D        | Reached skill level 1 in Bows
    38 | D        | Reached skill level 1 in Crossbows
    38 | D        | Reached skill level 1 in Shields
    38 | D        | Reached skill level 1 in Conjurations
    38 | D        | Reached skill level 1 in Summonings
    38 | D        | Reached skill level 1 in Fire Magic
    38 | D        | Reached skill level 1 in Ice Magic
    38 | D        | Reached skill level 1 in Earth Magic
    38 | D        | Reached skill level 1 in Poison Magic
    38 | D        | Reached skill level 1 in Evocations
    38 | D        | Reached XP level 26. HP: 284/284 MP: 23/54
    38 | D        | Noticed a destroyer
    38 | D        | Killed a large bag of meat
    38 | D        | Noticed a destroyer
    38 | D        | Noticed a destroyer
    39 | D        | Reached skill level 5 in Short Blades
    39 | D        | Reached skill level 5 in Long Blades
    39 | D        | Reached skill level 5 in Conjurations
    39 | D        | Reached skill level 5 in Hexes
    39 | D        | Reached skill level 5 in Necromancy
    39 | D        | Reached skill level 5 in Translocations
    39 | D        | Reached skill level 5 in Transmutations
    39 | D        | Reached skill level 5 in Earth Magic
    39 | D        | Reached skill level 5 in Evocations
    39 | D        | Killed a destroyer
    39 | D        | Killed a destroyer
    40 | D        | Reached skill level 10 in Bows
    40 | D        | Reached skill level 10 in Crossbows
    40 | D        | Reached skill level 10 in Shields
    40 | D        | Reached skill level 10 in Summonings
    40 | D        | Reached skill level 10 in Fire Magic
    40 | D        | Reached skill level 10 in Ice Magic
    40 | D        | Reached skill level 10 in Poison Magic
    40 | D        | Reached XP level 27. HP: 283/292 MP: 24/54
    40 | D        | Noticed a destroyer
    40 | D        | Killed a destroyer
    41 | D        | Noticed a large bag of meat
    42 | D        | Killed a destroyer
    42 | D        | Killed a large bag of meat
    42 | D        | Killed a large bag of meat
    43 | D        | Reached skill level 15 in Bows
    43 | D        | Reached skill level 15 in Fire Magic
    43 | D        | Killed a large bag of meat
    44 | D        | Reached skill level 15 in Crossbows
    44 | D        | Reached skill level 15 in Shields
    44 | D        | Reached skill level 15 in Summonings
    44 | D        | Reached skill level 15 in Ice Magic
    44 | D        | Reached skill level 15 in Poison Magic
    44 | D        | Killed a large bag of meat
    44 | D        | Killed a destroyer
    46 | D        | Noticed a large bag of meat
    47 | D        | Noticed a tyrant
    48 | D        | Killed a large bag of meat
    48 | D        | Noticed a tyrant
    49 | D        | Killed a destroyer
    50 | D        | Noticed a destroyer
    50 | D        | Killed a tyrant
    50 | D        | Noticed a destroyer
    51 | D        | Noticed a destroyer
    51 | D        | Noticed a large bag of meat
    51 | D        | Noticed a large bag of meat
    51 | D        | Killed a destroyer
    51 | D        | Noticed a tyrant
    51 | D        | Noticed a large bag of meat
    51 | D        | Noticed a destroyer
    55 | D        | Noticed a tyrant
    55 | D        | Killed a destroyer
    56 | D        | Killed a destroyer
    56 | D        | Killed a destroyer
    57 | D        | Reached skill level 27 in Short Blades
    57 | D        | Reached skill level 27 in Long Blades
    57 | D        | Reached skill level 27 in Hexes
    57 | D        | Reached skill level 27 in Necromancy
    57 | D        | Reached skill level 27 in Translocations
    57 | D        | Reached skill level 27 in Transmutations
    57 | D        | Killed a large bag of meat
    58 | D        | Noticed a tyrant
    58 | D        | Killed a tyrant
    58 | D        | Noticed an accursed
    59 | D        | Killed a tyrant
    60 | D        | Reached skill level 27 in Conjurations
    60 | D        | Reached skill level 27 in Earth Magic
    60 | D        | Reached skill level 27 in Evocations
    62 | D        | Noticed a tyrant
    62 | D        | Noticed a destroyer
    62 | D        | Killed an accursed
    62 | D        | Noticed a large bag of meat
    63 | D        | Reached skill level 27 in Bows
    63 | D        | Reached skill level 27 in Crossbows
    63 | D        | Reached skill level 27 in Shields
    63 | D        | Reached skill level 27 in Summonings
    63 | D        | Reached skill level 27 in Fire Magic
    63 | D        | Reached skill level 27 in Ice Magic
    63 | D        | Reached skill level 27 in Poison Magic
    63 | D        | Killed a large bag of meat
    64 | D        | Killed a destroyer
    65 | D        | Reached skill level 27 in Air Magic
    66 | D        | Noticed The Servant
    67 | D        | Killed a tyrant
    68 | D        | Noticed a tyrant
    69 | D        | Noticed a dread
    71 | D        | Noticed a meat beast
    71 | D        | Killed a large bag of meat
    71 | D        | Killed a tyrant
    71 | D        | Killed a destroyer
    71 | D        | Noticed a dread
    72 | D        | Killed a large bag of meat
    73 | D        | Killed a meat beast
    73 | D        | HP: 2/292 [The Servant/+9 glaive of flaming (36)]
    73 | D        | Demolished by a meat berserker

Illustrated notes

Levels and vault maps discovered:
D:        meatsprint

Skill      XL: |  1  2  3  4  5  6  7  8  9 10 11 12 13 14 15 16 17 18 19 20 21 22 23 24 25 26 27 |
---------------+----------------------------------------------------------------------------------+-----
Fighting       | 18 19 20 22 24 27 | 27.0
Axes           | 18 19 23 25 27 | 27.0
Throwing       | 14 15 16 18 19 23 27 | 27.0
Dodging        | 15 17 20 22 25 27 | 27.0
Armour         | 9 17 21 27 | 27.0
Spellcasting   | 9 18 23 27 | 27.0
Invocations    | 11 21 26 27 | 27.0
Maces & Flails | 10 18 25 27 | 27.0
Polearms       | 9 17 24 27 | 27.0
Slings         | 8 14 21 25 27 | 27.0
Stealth        | 8 14 21 25 27 | 27.0
Unarmed Combat | 10 18 25 27 | 27.0
Staves         | 27 | 27.0
Short Blades   | 2 12 27 | 27.0
Long Blades    | 2 12 27 | 27.0
Bows           | 1 10 27 | 27.0
Crossbows      | 1 10 27 | 27.0
Shields        | 1 10 27 | 27.0
Conjurations   | 1 11 27 | 27.0
Hexes          | 2 12 27 | 27.0
Summonings     | 1 10 27 | 27.0
Necromancy     | 2 12 27 | 27.0
Translocations | 2 12 27 | 27.0
Transmutations | 2 12 27 | 27.0
Fire Magic     | 1 10 27 | 27.0
Ice Magic      | 1 10 27 | 27.0
Earth Magic    | 1 11 27 | 27.0
Poison Magic   | 1 10 27 | 27.0
Evocations     | 1 11 27 | 27.0
Air Magic      | 27 | 27.0

Action                   |  1- 3 |  4- 6 |  7- 9 | 10-12 | 13-15 | 16-18 | 19-21 | 22-24 | 25-27 || total
-------------------------+-------+-------+-------+-------+-------+-------+-------+-------+-------++-------
Melee: Executioner's axe |     1 |       |       |       |     3 |     5 |     7 |     9 |    38 ||    63
Invok: Major Destruction |       |       |       |       |       |       |       |     1 |       ||     1
 Abil: Rolling Charge    |       |       |       |       |     2 |     3 |       |     3 |     7 ||    15
Armor: Leather armour    |       |       |       |       |       |       |       |       |     1 ||     1
Dodge: Dodged            |       |       |       |       |       |       |       |     1 |     1 ||     2

Table legend: (Time is in decaauts)
 A = Elapsed time spent in this place.
 B = Non-inter-level travel time spent in this place.
 C = Inter-level travel time spent in this place.
 D = Time resting spent in this place.
 E = Time spent auto-exploring this place.
 F = Levels seen in this place.
 G = Mean time per level.
                   A        B        C        D        E       F      G
               +--------+--------+--------+--------+--------+-----+--------+
         Total |     63 |     63 |      0 |      0 |      0 |   1 |   63.0 |
       Dungeon |     63 |     63 |      0 |      0 |      0 |   1 |   63.0 |
               +--------+--------+--------+--------+--------+-----+--------+

Top non-repeatable levels by time:
       D: 63 daAuts
